3AA
RICHLAND RAILS @ BELVEDERE PARK RAWHIDES
07/12/2034
 
TOP OF THE 1ST
Richland Rails batting - Pitching for Belvedere Park Rawhides : LHP Billy Brooks
Pitching: LHP Billy Brooks
Batting: RHB Germán Espantoso 0-0: Swinging Strike
0-1: Ball
1-1: Ball
2-1: Fly out, F9 (Flyball, 89D)
Batting: RHB José Vargas 0-0: Ball
1-0: Swinging Strike
1-1: Called Strike
1-2: Ball
2-2: Ball
3-2: Ground out 4-3 (Groundball, 34)
Batting: RHB Carlos Muńóz 0-0: DOUBLE (Flyball, 78D)
Batting: RHB Luo-lang Li 0-0: Ball
1-0: Ball
2-0: Called Strike
2-1: Swinging Strike
2-2: Ball
3-2: SINGLE (Groundball, 34D)
Carlos Muńóz to third
Carlos Muńóz scores
Batting: LHB Júlio Madrid 0-0: Called Strike
0-1: Ball
1-1: Ball
Luo-lang Li steals 2nd base
2-1: Fly out, F8 (Flyball, 78M)
Top of the 1st over - 1 run, 2 hits, 0 errors, 1 left on base; Richland 1 - Belvedere Park 0
BOTTOM OF THE 1ST
Belvedere Park Rawhides batting - Pitching for Richland Rails : RHP Ed Steward
Pitching: RHP Ed Steward
Batting: RHB Pat Sizemore 0-0: Ball
1-0: Fly out, F9 (Flyball, 9LS)
Batting: LHB Ken Gill 0-0: Called Strike
0-1: Ball
1-1: Swinging Strike
1-2: Strikes out looking
Batting: RHB Min-gook Ch'oe 0-0: Ball
1-0: Swinging Strike
1-1: SINGLE (Line Drive, 7S)
Batting: RHB Domingo Trujillo 0-0: Ball
1-0: Called Strike
1-1: Ball
2-1: Ball
3-1: Swinging Strike
3-2: Ground out 5-3 (Groundball, 5S)
Bottom of the 1st over - 0 runs, 1 hit, 0 errors, 1 left on base; Richland 1 - Belvedere Park 0
TOP OF THE 2ND
Richland Rails batting - Pitching for Belvedere Park Rawhides : LHP Billy Brooks
Batting: RHB Falco Opsteegh 0-0: Ball
1-0: Ground out 4-3 (Groundball, 4M)
Batting: RHB Kelyn Diallo 0-0: Ball
1-0: Foul Ball, location: 2F
1-1: Foul Ball, location: 2F
1-2: Strikes out looking
Batting: SHB Miguel González 0-0: Ball
1-0: Ground out 5-3 (Groundball, 5)
Top of the 2nd over - 0 runs, 0 hits, 0 errors, 0 left on base; Richland 1 - Belvedere Park 0
BOTTOM OF THE 2ND
Belvedere Park Rawhides batting - Pitching for Richland Rails : RHP Ed Steward
Batting: RHB Pat Lloyd 0-0: Ball
1-0: Swinging Strike
1-1: Ball
2-1: Ground out 4-3 (Groundball, 34)
Batting: RHB Hang-ki Chung 0-0: Ball
1-0: Ball
2-0: Ball
3-0: Called Strike
3-1: Base on Balls
Batting: RHB Mike Printup 0-0: Ball
1-0: Ball
2-0: Called Strike
2-1: Grounds into double play, 6-4-3 (Groundball, 6)
Bottom of the 2nd over - 0 runs, 0 hits, 0 errors, 0 left on base; Richland 1 - Belvedere Park 0
TOP OF THE 3RD
Richland Rails batting - Pitching for Belvedere Park Rawhides : LHP Billy Brooks
Batting: SHB Jesús Sánchez 0-0: Called Strike
0-1: Swinging Strike
0-2: Strikes out swinging
Batting: RHB Germán Espantoso 0-0: Fly out, F2 (Popup, 2RF)
Batting: RHB José Vargas 0-0: Ball
1-0: Ground out 6-3 (Groundball, 6)
Top of the 3rd over - 0 runs, 0 hits, 0 errors, 0 left on base; Richland 1 - Belvedere Park 0
BOTTOM OF THE 3RD
Belvedere Park Rawhides batting - Pitching for Richland Rails : RHP Ed Steward
Batting: RHB Stephen Webb 0-0: Ball
1-0: Ball
2-0: Ball
3-0: Called Strike
3-1: Called Strike
3-2: Base on Balls
Batting: RHB Wallace Belyeu 0-0: Called Strike
0-1: Called Strike
0-2: Ball
1-2: Ball
Wild Pitch!
Stephen Webb to second
2-2: Strikes out swinging
Batting: RHB Pat Sizemore 0-0: Called Strike
0-1: Ball
1-1: Ball
2-1: DOUBLE (Flyball, 78D)
Stephen Webb scores
Batting: LHB Ken Gill 0-0: Called Strike
0-1: Called Strike
0-2: Ball
1-2: Foul Ball, location: 2F
1-2: Ball
2-2: Foul Ball, location: 2F
2-2: Foul Ball, location: 2F
2-2: Foul Ball, location: 2F
2-2: Fly out, F8 (Flyball, 8LM)
Batting: RHB Min-gook Ch'oe 0-0: Ball
1-0: Ball
2-0: Ball
3-0: Called Strike
3-1: DOUBLE (Flyball, 8LXD)
Pat Sizemore scores
Batting: RHB Domingo Trujillo 0-0: Foul Ball, location: 2F
0-1: Foul Ball, location: 2F
0-2: DOUBLE (Flyball, 78D)
Min-gook Ch'oe scores
Batting: RHB Pat Lloyd 0-0: Ground out 5-3 (Groundball, 56)
Bottom of the 3rd over - 3 runs, 3 hits, 0 errors, 1 left on base; Richland 1 - Belvedere Park 3
TOP OF THE 4TH
Richland Rails batting - Pitching for Belvedere Park Rawhides : LHP Billy Brooks
Batting: RHB Carlos Muńóz 0-0: Ball
1-0: Ball
2-0: Foul Ball, location: 2F
2-1: Ball
3-1: Base on Balls
Batting: RHB Luo-lang Li 0-0: Ball
1-0: Ball
2-0: Foul Ball, location: 2F
2-1: Ball
3-1: Called Strike
3-2: Foul Ball, location: 2F
3-2: Fly out, F8 (Line Drive, 8RD)
Batting: LHB Júlio Madrid 0-0: Fly out, F7 (Line Drive, 78M)
Batting: RHB Falco Opsteegh 0-0: Ball
1-0: Swinging Strike
1-1: SINGLE (Line Drive, 78S)
Carlos Muńóz to second
Batting: RHB Kelyn Diallo 0-0: Called Strike
0-1: Hit by Pitch
Carlos Muńóz to third
Falco Opsteegh to second
Batting: SHB Miguel González 0-0: SINGLE (Line Drive, 8RS)
Carlos Muńóz scores
Falco Opsteegh to third
Kelyn Diallo to second
Runner from 3rd tries for Home, SAFE, no throw
Batting: SHB Jesús Sánchez 0-0: Ball
1-0: Swinging Strike
1-1: Called Strike
1-2: Fly out, F5 (Popup, 15S)
Top of the 4th over - 2 runs, 2 hits, 0 errors, 2 left on base; Richland 3 - Belvedere Park 3
BOTTOM OF THE 4TH
Belvedere Park Rawhides batting - Pitching for Richland Rails : RHP Ed Steward
Batting: RHB Hang-ki Chung 0-0: Ground out 5-3 (Groundball, 56)
Batting: RHB Mike Printup 0-0: Foul Ball, location: 2F
0-1: SINGLE (Line Drive, 89M)
Batting: RHB Stephen Webb 0-0: Ball
1-0: Foul Ball, location: 2F
1-1: Fly out, F8 (Flyball, 8RXD)
Batting: RHB Wallace Belyeu 0-0: Ball
Mike Printup is caught stealing 2nd base
Bottom of the 4th over - 0 runs, 1 hit, 0 errors, 0 left on base; Richland 3 - Belvedere Park 3
TOP OF THE 5TH
Richland Rails batting - Pitching for Belvedere Park Rawhides : LHP Billy Brooks
Batting: RHB Germán Espantoso 0-0: Called Strike
0-1: Ball
1-1: Ball
2-1: SINGLE (Line Drive, 9S)
Batting: RHB José Vargas 0-0: Ball
1-0: Sac Bunt - play at first, batter OUT! 1-4
Germán Espantoso to second
Batting: RHB Carlos Muńóz 0-0: Ground out 6-3 (Groundball, 6MS)
Germán Espantoso to third
Batting: RHB Luo-lang Li 0-0: Foul Ball, location: 2F
0-1: Ball
1-1: Ball
2-1: Ground out 6-3 (Groundball, 6)
Top of the 5th over - 0 runs, 1 hit, 0 errors, 1 left on base; Richland 3 - Belvedere Park 3
BOTTOM OF THE 5TH
Belvedere Park Rawhides batting - Pitching for Richland Rails : RHP Ed Steward
Batting: RHB Wallace Belyeu 0-0: Called Strike
0-1: Called Strike
0-2: DOUBLE (Line Drive, 9LM)
Pitching: RHP Luis Pérez
Batting: RHB Pat Sizemore 0-0: Called Strike
0-1: Ball
1-1: Ball
2-1: Foul Ball, location: 2F
2-2: Ball
3-2: Strikes out swinging
Batting: LHB Ken Gill 0-0: Ball
1-0: Foul Ball, location: 2F
1-1: Foul Ball, location: 2F
1-2: Foul Ball, location: 2F
1-2: Foul Ball, location: 2F
1-2: Strikes out looking
Batting: RHB Min-gook Ch'oe 0-0: Ball
1-0: Ball
2-0: Ball
3-0: Called Strike
3-1: Foul Ball, location: 2F
3-2: Foul Ball, location: 2F
3-2: Base on Balls
Batting: RHB Domingo Trujillo 0-0: Called Strike
0-1: Ball
1-1: Ball
2-1: Foul Ball, location: 2F
2-2: SINGLE (Flyball, 9S)
Wallace Belyeu to third
Min-gook Ch'oe to second
Runner from 3rd tries for Home, throw and OUT!
Bottom of the 5th over - 0 runs, 2 hits, 0 errors, 2 left on base; Richland 3 - Belvedere Park 3
TOP OF THE 6TH
Richland Rails batting - Pitching for Belvedere Park Rawhides : LHP Billy Brooks
Batting: LHB Júlio Madrid 0-0: Called Strike
0-1: Called Strike
0-2: Strikes out swinging
Batting: RHB Falco Opsteegh 0-0: Ball
1-0: Called Strike
1-1: Ball
2-1: Reached on error, E5 (Groundball, 56S)
Batting: RHB Kelyn Diallo 0-0: Intentional Walk
Batting: SHB Miguel González 0-0: Swinging Strike
0-1: Ball
1-1: Ground out 6-3 (Groundball, 6MS)
Falco Opsteegh to third
Kelyn Diallo to second
Batting: SHB Jesús Sánchez 0-0: Called Strike
0-1: Ball
1-1: Foul Ball, location: 2F
1-2: Ground out 5-3 (Groundball, 56)
Top of the 6th over - 0 runs, 0 hits, 1 error, 2 left on base; Richland 3 - Belvedere Park 3
BOTTOM OF THE 6TH
Belvedere Park Rawhides batting - Pitching for Richland Rails : RHP Luis Pérez
Batting: RHB Pat Lloyd 0-0: Ball
1-0: SINGLE (Groundball, 6MD)
Batting: RHB Hang-ki Chung 0-0: Bunt missed!
0-1: Bunted foul
0-2: Ball
1-2: Foul Ball, location: 2F
1-2: Fly out, F4 (Flyball, 4D)
Batting: RHB Mike Printup 0-0: Called Strike
0-1: Swinging Strike
Pat Lloyd is caught stealing 2nd base
0-2: Foul Ball, location: 2F
0-2: Ball
1-2: Ball
2-2: Reached on error, E4 (Groundball, 4)
Batting: RHB Stephen Webb 0-0: Ball
1-0: Ball
2-0: Fly out, F9 (Flyball, 89M)
Bottom of the 6th over - 0 runs, 1 hit, 1 error, 1 left on base; Richland 3 - Belvedere Park 3
TOP OF THE 7TH
Richland Rails batting - Pitching for Belvedere Park Rawhides : LHP Billy Brooks
Batting: RHB Germán Espantoso 0-0: Ball
1-0: Ball
2-0: Called Strike
2-1: SINGLE (Groundball, 4MD)
Pitching: LHP Garrett Schaper
Batting: RHB José Vargas 0-0: Sac Bunt - play at first, batter safe!
Germán Espantoso to second
Batting: RHB Carlos Muńóz 0-0: Ball
1-0: Foul Ball, location: 2F
1-1: Called Strike
Germán Espantoso is caught stealing 3rd base
1-2: Foul Ball, location: 2F
1-2: DOUBLE (Line Drive, 78D)
José Vargas to third
Batting: RHB Luo-lang Li 0-0: Intentional Walk
Batting: LHB Júlio Madrid 0-0: Foul Ball, location: 2F
0-1: Fly out, F8 (Flyball, 8LM)
Batting: RHB Falco Opsteegh 0-0: Foul Ball, location: 2F
0-1: Ball
1-1: Called Strike
1-2: Ball
2-2: Strikes out swinging
Top of the 7th over - 0 runs, 3 hits, 0 errors, 3 left on base; Richland 3 - Belvedere Park 3
BOTTOM OF THE 7TH
Belvedere Park Rawhides batting - Pitching for Richland Rails : RHP Luis Pérez
Pinch Hitting: LHB Connor Petty 0-0: Ball
1-0: Swinging Strike
1-1: Ball
2-1: Ball
3-1: Called Strike
3-2: Fly out, F9 (Line Drive, 89D)
Batting: RHB Pat Sizemore 0-0: Ball
1-0: Swinging Strike
1-1: Called Strike
1-2: Foul Ball, location: 2F
1-2: Foul Ball, location: 2F
1-2: Fly out, F4 (Line Drive, 4)
Batting: LHB Ken Gill 0-0: Fly out, F6 (Flyball, 56D)
Bottom of the 7th over - 0 runs, 0 hits, 0 errors, 0 left on base; Richland 3 - Belvedere Park 3
TOP OF THE 8TH
Richland Rails batting - Pitching for Belvedere Park Rawhides : LHP Garrett Schaper
Now in CF: Connor Petty
Batting: RHB Kelyn Diallo 0-0: SINGLE (Groundball, 56D)
Pinch Hitting: RHB Hsui-chuan Hong 0-0: Bunted foul
0-1: Sac Bunt - play at first, batter safe!
Kelyn Diallo to second
Batting: SHB Jesús Sánchez 0-0: Bunted foul
0-1: Bunted foul
0-2: Ball
1-2: Ground out 5-3 (Groundball, 5S)
Kelyn Diallo to third
Hsui-chuan Hong to second
Batting: RHB Germán Espantoso 0-0: Intentional Walk
Batting: RHB José Vargas 0-0: DOUBLE (Flyball, 8RXD)
Kelyn Diallo scores
Hsui-chuan Hong scores
Germán Espantoso to third
Runner from 3rd tries for Home, SAFE, throw made at trailing runner, OUT at third!
Batting: RHB Carlos Muńóz 0-0: Foul Ball, location: 2F
0-1: Foul Ball, location: 2F
0-2: Strikes out swinging
Top of the 8th over - 3 runs, 3 hits, 0 errors, 0 left on base; Richland 6 - Belvedere Park 3
BOTTOM OF THE 8TH
Belvedere Park Rawhides batting - Pitching for Richland Rails : RHP Luis Pérez
Now in LF: Hsui-chuan Hong
Batting: RHB Min-gook Ch'oe 0-0: Ball
1-0: Ground out 5-3 (Groundball, 56S)
Batting: RHB Domingo Trujillo 0-0: Foul Ball, location: 2F
0-1: Swinging Strike
0-2: Ground out 5-3 (Groundball, 56S)
Batting: RHB Pat Lloyd 0-0: Ball
1-0: Called Strike
1-1: Ball
2-1: Called Strike
2-2: SINGLE (Flyball, 8LM)
Pitching: RHP Ramón Aguilera
Batting: RHB Hang-ki Chung 0-0: Ball
1-0: Ball
2-0: Ball
3-0: Base on Balls
Pat Lloyd to second
Batting: RHB Mike Printup 0-0: SINGLE (Groundball, 5D)
Pat Lloyd to third
Hang-ki Chung to second
Runner from 3rd tries for Home, SAFE, throw made home
Batting: RHB Stephen Webb 0-0: Swinging Strike
0-1: Ball
1-1: Ball
2-1: Ball
3-1: Called Strike
3-2: Base on Balls
Hang-ki Chung to third
Mike Printup to second
Batting: LHB Connor Petty 0-0: Called Strike
0-1: Ball
1-1: Ball
2-1: Swinging Strike
2-2: Ball
3-2: Foul Ball, location: 2F
3-2: Foul Ball, location: 2F
3-2: Ground out 4-3 (Groundball, 4)
Bottom of the 8th over - 1 run, 2 hits, 0 errors, 3 left on base; Richland 6 - Belvedere Park 4
TOP OF THE 9TH
Richland Rails batting - Pitching for Belvedere Park Rawhides : LHP Garrett Schaper
Pitching: RHP Ron Pomar
Batting: RHB Luo-lang Li 0-0: Ball
1-0: Swinging Strike
1-1: Ball
2-1: Ball
3-1: Base on Balls
Batting: LHB Júlio Madrid 0-0: Called Strike
0-1: Ball
1-1: Ball
2-1: Ground out 4-3 (Groundball, 4MS)
Luo-lang Li to second
Batting: RHB Falco Opsteegh 0-0: Intentional Walk
Batting: RHB Kelyn Diallo 0-0: Ball
1-0: Ball
2-0: Called Strike
2-1: Foul Ball, location: 2F
2-2: Foul Ball, location: 2F
2-2: Foul Ball, location: 2F
2-2: Strikes out swinging
Batting: RHB Hsui-chuan Hong 0-0: Ball
1-0: Called Strike
1-1: Ball
2-1: Ball
3-1: Foul Ball, location: 2F
3-2: Base on Balls
Luo-lang Li to third
Falco Opsteegh to second
Pinch Hitting: RHB Manyara Akintola 0-0: Called Strike
0-1: Ball
1-1: Swinging Strike
1-2: Strikes out swinging
Top of the 9th over - 0 runs, 0 hits, 0 errors, 3 left on base; Richland 6 - Belvedere Park 4
BOTTOM OF THE 9TH
Belvedere Park Rawhides batting - Pitching for Richland Rails : RHP Ramón Aguilera
Pitching: RHP Davis Sawyer
Now at C: Manyara Akintola
Batting: RHB Pat Sizemore 0-0: Ball
1-0: Ball
2-0: Foul Ball, location: 2F
2-1: Called Strike
2-2: Fly out, F7 (Flyball, 78M)
Batting: LHB Ken Gill 0-0: Called Strike
0-1: Ball
1-1: Ball
2-1: Foul Ball, location: 2F
2-2: Ball
3-2: Base on Balls
Batting: RHB Min-gook Ch'oe 0-0: Ball
1-0: Foul Ball, location: 2F
1-1: Ball
2-1: Foul Ball, location: 2F
2-2: Strikes out swinging
Batting: RHB Domingo Trujillo 0-0: Ball
1-0: Called Strike
1-1: Swinging Strike
1-2: Foul Ball, location: 2F
1-2: Ball
2-2: Fly out, F9 (Line Drive, 9S)
Bottom of the 9th over - 0 runs, 0 hits, 0 errors, 1 left on base; Richland 6 - Belvedere Park 4
Friday, March 29th, 2019 - OOTP Baseball 18.8 Build 76